 Dungeon Crawl Stone Soup version 0.29-a0-841-g116ddc6ace (webtiles) character file.

Game seed: 6014398548126147394

5 mcwallace the Caller (level 1, 0/10 HPs)
             Began as a Kobold Summoner on July 15, 2022.
             Slain by a kobold
             ... wielding a +0 dagger
              (4 damage)
             ... on level 1 of the Dungeon.
             The game lasted 00:02:47 (666 turns).

mcwallace the Caller (Kobold Summoner)               Turns: 666, Time: 00:02:47

Health: 0/10       AC:  2    Str:  5    XL:     1   Next: 88%
Magic:  1/3        EV: 15    Int: 16    God:
Gold:   20         SH:  0    Dex: 15    Spells: 3/4 levels left

rFire   . . .      SeeInvis .   (weapon restricted)
rCold   . . .      Faith    .   (no shield)
rNeg    . . .      Spirit   .   a - +0 robe
rPois   .          Reflect  .   (no helmet)
rElec   .          Harm     .   (no cloak)
rCorr   .          Rampage  .   (no gloves)
Will    .....                   (no boots)
Stlth   +++.......              (no amulet)
HPRegen 0.03/turn               (no ring)
MPRegen 0.08/turn               (no ring)

@: no status effects
A: small, no large weapons, nightstalker 3
a: no special abilities


You were on level 1 of the Dungeon.
You visited 1 branch of the dungeon, and saw 1 of its levels.

You collected 20 gold pieces.


Innate Abilities, Weirdness & Mutations

You are small and have problems with some larger weapons.
You are completely attuned to the shadows.


   Skills:
 + Level 2.6 Dodging
 + Level 2.9 Stealth
 + Level 2.3 Spellcasting
 + Level 4.0 Summonings


You had 3 spell levels left.
You knew the following spells:

 Your Spells              Type           Power      Damage    Failure   Level
a - Summon Small Mammal   Summ           56%        N/A       3%          1

Your spell library contained the following spells:

 Spells                   Type           Power      Damage    Failure   Level
 Call Imp                 Summ           14%        N/A       6%          2
 Call Canine Familiar     Summ           14%        N/A       12%         3
 Summon Guardian Golem    Hex/Summ       8%         N/A       26%         3
 Summon Lightning Spire   Summ/Air       8%         N/A       65%         4

Inventory:

Missiles
 e - 3 boomerangs {throwing}
Armour
 a - a +0 robe (worn)
Scrolls
 d - a scroll of blinking {unknown}
Potions
 b - a potion of magic
 c - a potion of degeneration {unknown}

Dungeon Overview and Level Annotations

Branches:
Dungeon (1/15) Zot: 5333

Altars:

### ##..
♣♣♣♣♣♣♣♣♣♣♣♣.##########
....<.................#
♣♣♣♣♣♣♣♣♣♣♣♣..#######.########
##r# ####..........
####@###..........###
.....K...........##
####.######..##### #.# #..####
#.######...... #.........####
########


You could see a kobold (ally target) and a friendly quokka (summoned).


Message History

Confirm with . or Enter, or press ? or * to list all spells.
😎 MP[-1]
You lost 1 mp, and now have 2/3 mp.
Casting: Summon Small Mammal (safe; 3% risk of failure)
Confirm with . or Enter, or press ? or * to list all spells.
The kobold shouts!
You hear an angry hiss.
Your bat hits the kobold but does no damage. 😎 MP[-1]
You lost 1 mp, and now have 1/3 mp.
You swap places.
Your bat closely misses the kobold. x2
The kobold hits your bat with a +0 dagger.
Your bat closely misses the kobold.
Your bat hits the kobold but does no damage.
Your bat barely misses the kobold.
Your bat hits the kobold.
The kobold hits your bat with a +0 dagger.
Your bat dies!
Your bat's corpse disappears in a puff of smoke!
Your bat barely misses the kobold.
You hear an angry hiss.
You closely miss the kobold.
A ball python comes into view.
The kobold misses you.
Your bat barely misses the kobold.
The kobold attacks as you move away! The kobold misses you.
Your bat closely misses the kobold.
The ball python closely misses your bat.
The ball python misses your bat.
Your bat hits the kobold but does no damage.
Your bat barely misses the ball python.
The kobold attacks as you move away! The kobold closely misses you.
Your bat hits the ball python.
Your bat barely misses the ball python.
Your bat hits the ball python. 😎 MP[+1]
The kobold attacks as you move away!
The kobold hits you with a +0 dagger. 😮 HP[-3]
You take 3 damage, and now have 7/10 hp.
MASSIVE DAMAGE!! (PAUSE)
Casting: Summon Small Mammal (safe; 3% risk of failure)
Confirm with . or Enter, or press ? or * to list all spells.
The kobold completely misses you. 😮 MP[-1]
You lost 1 mp, and now have 1/3 mp.
The kobold attacks as you move away! The kobold closely misses you.
Your bat hits the kobold but does no damage.
The kobold hits your bat with a +0 dagger.
Your bat dies!
Your bat's corpse disappears in a puff of smoke!
Casting: Summon Small Mammal (safe; 3% risk of failure)
Confirm with . or Enter, or press ? or * to list all spells.
😮 MP[-1]
You lost 1 mp, and now have 0/3 mp.
The kobold attacks as you move away! The kobold hits you with a +0 dagger.
* * * LOW HITPOINT WARNING * * *
😨 HP[-4]
You take 4 damage, and now have 3/10 hp.
MASSIVE DAMAGE!! (PAUSE)
You swap places.
Your bat hits the kobold. The kobold closely misses your bat.
Your bat misses the kobold.
Your bat closely misses the kobold.
Your bat hits the kobold but does no damage. x2
The kobold hits your bat with a +0 dagger.
Your bat dies!
Your bat's corpse disappears in a puff of smoke!
The kobold shouts! 😨 MP[+1]
Casting: Summon Small Mammal (safe; 3% risk of failure)
Confirm with . or Enter, or press ? or * to list all spells.
You miscast Summon Small Mammal.
You are very lightly contaminated with residual magic.
Nothing appears to happen. 😨 MP[-1]
You lost 1 mp, and now have 0/3 mp.
Casting: Summon Small Mammal (safe; 3% risk of failure)
Confirm with . or Enter, or press ? or * to list all spells.
You don't have enough magic to cast this spell.
Your magical contamination has completely faded away. 😨 HP[+1] 😨 MP[+1]
Casting: Summon Small Mammal (safe; 3% risk of failure)
Confirm with . or Enter, or press ? or * to list all spells.
The ball python barely misses you. The ball python grabs you.
The ball python constricts you.
* * * LOW HITPOINT WARNING * * *
😨 HP[-1] MP[-1]
You take 1 damage, and now have 3/10 hp.
You lost 1 mp, and now have 0/3 mp.
You escape the ball python's grasp.
The ball python bites your bat. The ball python grabs your bat.
The ball python constricts your bat.
Your bat hits the ball python. 😨 MP[+1]
Casting: Summon Small Mammal (safe; 3% risk of failure)
Confirm with . or Enter, or press ? or * to list all spells.
😨 MP[-1]
You lost 1 mp, and now have 0/3 mp.
Your quokka bites the ball python.
The ball python dies! 😨 MP[+1]
You swap places.
You see here a ball python corpse.
You closely miss the kobold. The kobold hits you with a +0 dagger.
You die...

Action                   || total
-------------------------++-------
Melee: Unarmed           ||    15
       Punch             ||     1
 Cast: Summon Small Mamm ||    16
Dodge: Dodged            ||    21

Levels and vault maps discovered:
D:1:      eino_arrival_tree_alley, layout_loops_ring, serial_shops, shop,
          chequers_arboretum

Notes
Turn   | Place    | Note
-------+----------+-------------------------------------------
     0 | D:1      | mcwallace the Kobold Summoner began the quest for the Orb.
     0 | D:1      | Reached XP level 1. HP: 10/10 MP: 3/3
     0 | D:1      | magus.rc [v1.9.6]
   332 | D:1      | HP: 2/10 [hobgoblin (5)]
   666 | D:1      | Slain by a kobold

Vanquished Creatures (collateral kills)
  2 endoplasms (D:1)
  A hobgoblin (D:1)
  A ball python (D:1)
  A rat (D:1)
5 creatures vanquished.

Table legend:
 A = Non-vault XP
 B = Vault XP
 C = Vault XP percentage of total XP
 D = Non-vault monster count
 E = Vault monster count
 F = Vault count percentage of total count
                 A         B        C        D         E       F
            +---------+---------+-------+---------+---------+-------
      Total |       8 |       0 |   0.0 |       5 |       0 |   0.0
            +---------+---------+-------+---------+---------+-------
        D:1 |       8 |       0 |   0.0 |       5 |       0 |   0.0
            +---------+---------+-------+---------+---------+-------

Illustrated notes

Table legend:
 A = Kills in this place as a percentage of kills in entire the game.
 B = Kills by you in this place as a percentage of kills by you in the entire game.
 C = Kills by friends in this place as a percentage of kills by friends in the entire game.
 D = Other kills in this place as a percentage of other kills in the entire game.
 E = Experience gained in this place as a percentage of experience gained in the entire game.
 F = Experience gained in this place divided by the number of levels of this place that you have seen.
                   A       B       C       D       E      F
               +-------+-------+-------+-------+-------+----------------------
         Total | 100.0 |   N/A | 100.0 |   N/A | 100.0 |   8.0
       Dungeon | 100.0 |   N/A | 100.0 |   N/A | 100.0 |   8.0
               +-------+-------+-------+-------+-------+----------------------

Table legend: (Time is in decaauts)
 A = Elapsed time spent in this place.
 B = Non-inter-level travel time spent in this place.
 C = Inter-level travel time spent in this place.
 D = Time resting spent in this place.
 E = Time spent auto-exploring this place.
 F = Levels seen in this place.
 G = Mean time per level.
                   A        B        C        D        E       F      G
               +--------+--------+--------+--------+--------+-----+--------+
         Total |    666 |    666 |      0 |    251 |    248 |   1 |  666.0 |
       Dungeon |    666 |    666 |      0 |    251 |    248 |   1 |  666.0 |
               +--------+--------+--------+--------+--------+-----+--------+

Top non-repeatable levels by time:
     D:1: 666 daAuts
